[ AOE2 MATCH · #479337828 ]
1v1 RMBulgarians vs Spanish
Rival team · LOSS
[ REPLAY ANALYSIS · EXTRACTED FROM THE RECORDED GAME ]
Feudal
—
Castle
—
Imperial
—
| APM avg | 30.2 |
| APM peak | 65 |
| eAPM avg | 14.5 |
| Villagers / military | 19 / 0 |
Focus
⚔️ 12.4% · 🌾 87.6%
Fishing Ship ×4
Feudal
—
Castle
—
Imperial
—
| APM avg | 33.8 |
| APM peak | 63 |
| eAPM avg | 15.9 |
| Villagers / military | 23 / 0 |
Focus
⚔️ 3.4% · 🌾 96.6%
Fishing Ship ×10
Match map
Initial resources + every placement click. Lines = walls · curves = elevation contours. ◆ gold · ⬟ stone · ● berries · ✦ relic · ◌ wall gap
Your base· Open — unwalled flank
alteco_99's base· Open — 14t gap
Smoothed initial terrain · ◌ = detected wall gap · hover for details
Inputs per minute
— wololo - - alteco_99
Build order — wololo
44 actions detected in the replay
| 0:16 | Build | Town Center |
| 1:48 | Build | House |
| 2:00 | Build | House |
| 2:16 | Create | Villager (Male) |
| 2:17 | Create | Villager (Male) |
| 2:17 | Create | Villager (Male) |
| 2:17 | Create | Villager (Male) |
| 3:48 | Create | Villager (Male) |
| 3:59 | Build | House |
| 4:33 | Build | Dock |
| 4:49 | Create | Villager (Male) |
| 4:50 | Create | Villager (Male) |
| 5:25 | Research | Loom |
| 5:31 | Create | Villager (Male) |
| 5:31 | Create | Villager (Male) |
| 6:32 | Create | Villager (Male) |
| 6:33 | Create | Villager (Male) |
| 6:33 | Create | Villager (Male) |
| 6:41 | Build | House |
| 6:53 | Create | Villager (Male) |
| 7:20 | Create | Fishing Ship |
| 7:44 | Build | Palisade Wall |
| 7:58 | Create | Villager (Male) |
| 8:14 | Build | Palisade Wall |
| 8:15 | Build | Palisade Wall |
| 8:17 | Build | Palisade Wall |
| 8:25 | Create | Fishing Ship |
| 8:26 | Create | Fishing Ship |
| 8:37 | Build | House |
| 8:48 | Create | Villager (Male) |
| 9:22 | Build | House |
| 9:55 | Create | Villager (Male) |
| 9:55 | Create | Villager (Male) |
| 10:27 | Build | Mining Camp |
| 10:54 | Build | Palisade Gate |
| 11:00 | Build | House |
| 11:11 | Build | Mill |
| 11:12 | Create | Fishing Ship |
| 11:38 | Build | Outpost |
| 11:46 | Create | Villager (Male) |
| 11:46 | Create | Villager (Male) |
| 12:07 | Research | Feudal Age |
| 12:56 | Build | House |
| 13:16 | Build | Barracks |
Build order — alteco_99
49 actions detected in the replay
| 0:09 | Build | House |
| 0:12 | Build | House |
| 0:33 | Build | Town Center |
| 1:15 | Build | Dock |
| 2:35 | Create | Villager (Male) |
| 2:35 | Create | Villager (Male) |
| 2:36 | Create | Villager (Male) |
| 2:36 | Create | Villager (Male) |
| 2:36 | Create | Villager (Male) |
| 3:54 | Create | Villager (Male) |
| 4:31 | Create | Villager (Male) |
| 5:06 | Create | Villager (Male) |
| 5:37 | Create | Villager (Male) |
| 6:05 | Create | Villager (Male) |
| 6:08 | Create | Fishing Ship |
| 6:44 | Create | Villager (Male) |
| 6:51 | Create | Fishing Ship |
| 6:55 | Build | House |
| 7:17 | Create | Villager (Male) |
| 7:35 | Create | Fishing Ship |
| 7:40 | Create | Villager (Male) |
| 7:48 | Build | House |
| 8:13 | Create | Villager (Male) |
| 8:44 | Create | Villager (Male) |
| 8:51 | Create | Fishing Ship |
| 8:56 | Create | Villager (Male) |
| 9:19 | Create | Villager (Male) |
| 9:23 | Build | Dock |
| 9:35 | Create | Villager (Male) |
| 9:43 | Build | House |
| 10:01 | Create | Villager (Male) |
| 10:08 | Create | Fishing Ship |
| 10:15 | Create | Fishing Ship |
| 10:34 | Create | Villager (Male) |
| 10:54 | Build | Mining Camp |
| 10:58 | Create | Villager (Male) |
| 11:03 | Create | Fishing Ship |
| 11:22 | Build | Mining Camp |
| 11:27 | Create | Villager (Male) |
| 11:32 | Create | Fishing Ship |
| 11:43 | Build | House |
| 11:59 | Research | Loom |
| 12:15 | Create | Fishing Ship |
| 12:45 | Build | House |
| 12:58 | Create | Villager (Male) |
| 12:59 | Build | Lumber Camp |
| 13:17 | Research | Feudal Age |
| 13:28 | Build | House |
| 13:29 | Create | Fishing Ship |
Match timeline
| 1:15 | alteco_99 · first_building Dock |
| 4:33 | wololo · first_building Dock |
| 7:44 | wololo · wall_segment Palisade Wall x5 |
| 8:14 | wololo · wall_segment Palisade Wall x5 |
| 8:15 | wololo · wall_segment Palisade Wall x1 |
| 8:17 | wololo · wall_segment Palisade Wall x4 |
| 13:16 | wololo · first_building Barracks |
| 13:45 | alteco_99 · resign |
[ AI ANALYSIS · 1 CREDIT ]
What really happened in this match?
Wolo.gg analyzes every decision: build order, eco, micro, common mistakes by bracket. Personalized analysis on WhatsApp or Discord in 30 seconds.
Civ guide
Bulgarians
Map guide
Nomad
Perfil
Jugador #1620177